 Dungeon Crawl Stone Soup version 0.31-a0-271-gb88eb75e06 (webtiles) character file.

Game seed: 10172267813248588945

404 gruber the Ruffian (level 6, -2/55 HPs)
             Began as a Troll Shapeshifter on July 14, 2023.
             Slain by Menkaure (14 damage)
             ... in an ossuary.
             The game lasted 00:04:37 (3323 turns).

gruber the Ruffian (Troll Shapeshifter)             Turns: 3323, Time: 00:04:38

Health: -2/55      AC:  4    Str: 26    XL:     6   Next: 56%
Magic:  5/5        EV:  9    Int:  4    God:
Gold:   263        SH:  0    Dex: 10    Spells: 5/5 levels left

rFire   . .          .
                       - Unarmed
rCold   . . .        (no shield)
rNeg    . . .        a - +0 animal skin
rPois   +            (helmet currently unavailable)
rElec   .            (cloak currently unavailable)
rCorr   .            (gloves unavailable)
SInv    +            (boots unavailable)
Will    .....        (no amulet)
Stlth   +            n - ring of poison resistance
HPRegen 1.09/turn    p - ring of see invisible
MPRegen 0.09/turn

%: no passive effects
@: beast-form
A: beast (slay +2), large, unfitting armour, claws 3, regeneration 1, shaggy fur
1, tough skin 1
a: Begin Untransformation


You were in an ossuary.
You were a hulking beast.
You visited 1 branch of the dungeon, and saw 4 of its levels.
You also visited: Ossuary.

You collected 287 gold pieces.
You spent 24 gold pieces at shops.

Inventory:

Armour
 a - a +0 animal skin (worn)
Jewellery
 n - a ring of poison resistance (left claw)
 p - a ring of see invisible (right claw)
Talismans
 c - a beast talisman
Scrolls
 d - 6 scrolls of identify
 h - 2 scrolls of immolation {unknown}
 j - a scroll of poison {unknown}
 k - a scroll of revelation {unknown}
 l - 3 scrolls of fear {unknown}
 m - a scroll of noise {unknown}
 o - a scroll of amnesia {unknown}
Potions
 b - a potion of lignification
 e - a potion of curing {unknown}
 f - 2 potions of degeneration {unknown}
 g - a potion of enlightenment {unknown}
 i - 3 potions of heal wounds {unknown}
 q - a potion of mutation {unknown}


   Skills:
 - Level 1.5 Fighting
 - Level 1.5 Dodging
 + Level 7.1 Unarmed Combat
 - Level 3.0 Shapeshifting


You had 5 spell levels left.
You didn't know any spells.
Your spell library contained the following spells:

 Spells                   Type           Power      Damage    Failure   Level
 Sandblast                Erth           0%         2d4       50%         1
 Ensorcelled Hibernation  Hex/Ice        0%         N/A       65%         2
 Passwall                 Tmut/Erth      0%         N/A       65%         2
 Stone Arrow              Conj/Erth      0%         3d7       86%         3
 Anguish                  Hex/Necr       0%         N/A       99%         4


Dungeon Overview and Level Annotations

Branches:
Dungeon (4/15)            Ossuary (1/1)
 Temple: D:4-7

Altars:

Shops:
D:4 ?:

Annotations:
Ossuary Menkaure


Innate Abilities, Weirdness & Mutations

You are a hulking beast.
Your limbs bulge with bestial killing power. (Slay +2)
You are too large for most types of armour.
You have claws for hands.
Your natural rate of healing is unusually fast.
You are covered in fur. (AC +1)
You have tough skin. (AC +1)


Message History

The hobgoblin zombie barely misses you.
You mangle the hobgoblin zombie!!
You destroy the hobgoblin zombie!
No target in view!
A hobgoblin skeleton comes into view.
A hobgoblin skeleton is nearby!
A hobgoblin skeleton is nearby!
You claw the hobgoblin skeleton!
You destroy the hobgoblin skeleton!
No target in view!
No target in view!
A kobold zombie comes into view.
A kobold zombie is nearby!
Menkaure, Prince of Dust comes into view.
Menkaure calls on the powers of darkness!
Your body is wracked with pain!
The kobold zombie hits you but does no damage.
Menkaure mumbles some strange words.
Menkaure seems to speed up.
A mummy comes into view.
You claw the kobold zombie!
You destroy the kobold zombie!
Menkaure casts a spell at you.
You barely resist.
Menkaure points at you and mumbles some strange words.
Pain shoots through your body! Menkaure misses you.
You closely miss Menkaure.
The sentinel's mark upon you fades away.
Menkaure gestures at you while chanting.
Pain shoots through your body!
* * * LOW HITPOINT WARNING * * *
Menkaure casts a spell at you. Pain shoots through your body!
* * * LOW HITPOINT WARNING * * *
Unknown command.
You scratch Menkaure but do no damage.
A mummy comes into view.
You scratch Menkaure but do no damage. Menkaure hits you!
You die...

##..##.^##..##..##
##..##..####..##..##
##..##^.######..##..##
##..##..##....##..##..#
##..##..##..##..##..##^.
##..##..##..####..##..##.
##..##..##..## ##..##..##
##..##..##..## ##..##..#
##..##..##Mh## ##..##..
##..##..##.M## ##..##.
##..##..##..# ##..##
##..##..##..# ##..# ##..##..##.M#
##.. ##..##..##... ##.
#..##..##########################
..##.............................
.################################


You could see Menkaure (fast) and 2 mummies.

Vanquished Creatures
  A sleepcap (D:4)
  2 orc wizards (D:4)
  14 gnolls
  An adder (D:3)
  A worm (D:3)
  2 dart slugs
  13 orcs
  3 bats
  6 endoplasms
  A giant cockroach (D:1)
  7 gnoll zombies (Ossuary)
  24 goblins
  26 hobgoblins
  5 kobolds
  A quokka (D:3)
  6 ball pythons
  3 frilled lizards
  4 gnoll skeletons (Ossuary)
  5 goblin skeletons (Ossuary)
  4 goblin zombies (Ossuary)
  4 hobgoblin skeletons (Ossuary)
  5 hobgoblin zombies (Ossuary)
  4 kobold skeletons (Ossuary)
  4 kobold zombies (Ossuary)
  6 orc skeletons (Ossuary)
  An orc zombie (Ossuary)
  5 rats
  2 rat skeletons (Ossuary)
  4 rat zombies (Ossuary)
164 creatures vanquished.

Notes
Turn   | Place    | Note
-------+----------+-------------------------------------------
     0 | D:1      | gruber the Troll Shapeshifter began the quest for the Orb.
     0 | D:1      | Reached XP level 1. HP: 19/19 MP: 0/0
    92 | D:1      | Reached XP level 2. HP: 25/27 MP: 1/1
   159 | D:1      | Reached skill level 3 in Unarmed Combat
   538 | D:1      | Reached XP level 3. HP: 33/33 MP: 2/2
  1607 | D:3      | Reached skill level 4 in Unarmed Combat
  1802 | D:3      | Reached XP level 4. HP: 41/41 MP: 3/3
  2337 | D:3      | Reached skill level 5 in Unarmed Combat
  2397 | D:3      | Reached XP level 5. HP: 33/48 MP: 4/4
  2595 | D:3      | HP: 2/48 [gnoll/+0 spear (5)]
  2597 | D:3      | Reached skill level 6 in Unarmed Combat
  2721 | D:3      | Reached XP level 6. HP: 33/55 MP: 5/5
  2935 | D:4      | Found Otaqum's Book Boutique.
  2975 | D:4      | Found Fanogoz's Magic Scroll Shop.
  2982 | D:4      | Bought a scroll of identify for 24 gold pieces
  2998 | D:4      | Found a sand-covered staircase.
  3021 | Ossuary  | Entered an ossuary
  3107 | Ossuary  | Reached skill level 7 in Unarmed Combat
  3314 | Ossuary  | Noticed Menkaure
  3323 | Ossuary  | Slain by Menkaure

Illustrated notes

Levels and vault maps discovered:
D:1:      saegor_arrival_under_anarchy, layout_basic
D:2:      layout_basic
D:3:      minmay_goblin_kobold_castle, layout_basic
D:4:      layout_loops_cross, grunt_temple_overflow_lords_of_destruction,
          serial_shops, shop, shop, nicolae_shop_dealshenge, nicolae_shop_trees,
          serial_forest, infiniplex_forest_clump_medium,
          infiniplex_forest_corner_1, infiniplex_forest_zigzag_1,
          infiniplex_forest_straight_3, infiniplex_forest_lined_3_way,
          infiniplex_forest_clump_C, infiniplex_forest_lined_3,
          infiniplex_forest_lined_ring, infiniplex_forest_end_2,
          infiniplex_forest_clump_diagonal, nicolae_ossuary_entry_monument
Ossuary:  ossuary_due_pyramid

Skill      XL: |  1  2  3  4  5  6 |
---------------+-------------------+-----
Unarmed Combat | 3 4 5 6 7 |  7.1
Fighting       | |  1.5
Dodging        | |  1.5
Shapeshifting  | |  3.0

Action                     |  1- 3 |  4- 6 || total
---------------------------+-------+-------++-------
  Melee: Unarmed           |    74 |   228 ||   302
         Punch             |     2 |     6 ||     8
   Stab: Sleeping          |       |     2 ||     2
 Armour: Animal skin       |    20 |    57 ||    77
  Dodge: Dodged            |    24 |    90 ||   114

Table legend: (Time is in decaauts)
 A = Elapsed time spent in this place.
 B = Non-inter-level travel time spent in this place.
 C = Inter-level travel time spent in this place.
 D = Time resting spent in this place.
 E = Time spent auto-exploring this place.
 F = Levels seen in this place.
 G = Mean time per level.
                   A        B        C        D        E       F      G
               +--------+--------+--------+--------+--------+-----+--------+
         Total |   3289 |   3240 |     49 |      4 |   2456 |   5 |  657.8 |
       Dungeon |   2998 |   2949 |     49 |      4 |   2349 |   4 |  749.5 |
       Ossuary |    291 |    291 |      0 |      0 |    107 |   1 |  291.0 |
               +--------+--------+--------+--------+--------+-----+--------+

Top non-repeatable levels by time:
     D:3: 1384 daAuts
     D:2: 788 daAuts
     D:1: 738 daAuts
 Ossuary: 291 daAuts
     D:4: 87 daAuts
